cohdb
Replays
Latest Replays
All Replays
Popular Replays
Top Player Replays
Match Explorer
How It Works
Community
CoH3 Stats
Reddit
Sign in to upload your games and track your stats! →
Sign in with Steam
Match 41861709
Unlisted
Match 41861709
Overview
Messages
Build Orders
End
Construct Section Command Post
Selects Canadian Shock Battlegroup
Infantry Section
Infantry Section
ML 3-inch Mortar Team
Grenade Package
Vickers Machine Gun Team
Construct Platoon Command Post
Construct Field Infirmary
Selects Attacking Spirit
Selects Canadian Shock Section
6-pounder Anti-tank Gun Team
Selects Incendiary Munitions
Canadian Shock Section
Infantry Training
Unlock Bishop Self-propelled Artillery
Selects Pyrotechnics
Bishop Self-propelled Artillery
Light Vehicle Training
Construct Company Command Post
Royal Engineer Section
Selects Smoke Operation
Matilda II Heavy Tank
Random_Target
Luce
just a chill world leader ♡
Turtleboy
ShiningRay
sumikadaisuki
MZMZ
古明地•恋
0
0
Comments
sign in to comment!
No comments posted yet!